 Dungeon Crawl Stone Soup version 0.32-a0-543-gefe97123c3 (webtiles) character file.

Game seed: 14992040987798810394

72027 NormalPerson7 the Grappler (level 15, -1/180 HPs)
             Began as a Merfolk Shapeshifter on Feb 29, 2024.
             Was an Elder of Lugonu.
             Slain by a minotaur
             ... wielding a staff of fire
              (12 damage)
             ... in a Gauntlet.
             The game lasted 01:45:00 (30831 turns).

NormalPerson7 the Grappler (Merfolk Shapeshifter)  Turns: 30831, Time: 01:45:00

Health: -1/180     AC: 27    Str: 20    XL:     15   Next: 38%
Magic:  19/23      EV:  2    Int: 11    God:    Lugonu [****..]
Gold:   1222       SH:  0    Dex: 20    Spells: 12/20 levels left

rFire   . .          .
                       - Unarmed
rCold   + . .        (no shield)
rNeg    . . .        P - melded +1 leather armour {Will+}
rPois   +            s - melded +1 helmet
rElec   .            S - melded +2 cloak of the Thief {*Fog Slay-2 SInv Stlth+}
rCorr   .            (gloves currently unavailable)
SInv    .            X - melded +3 pair of seven-league boots {Rampage+∞}
Will    +....        d - amulet of faith {!P}
Stlth   ++           p - +6 ring of dexterity
HPRegen 0.50/turn    C - ring of protection from cold
MPRegen 0.18/turn

%: no teleportation, faith
@: tree-form
A: stationary, stasis, torment immunity, boosted hp, (nimble swimmer 2),
(mertail)
a: Renounce Religion, Depart the Abyss, Banish, Corrupt


You were in a Gauntlet.
You worshipped Lugonu.
Lugonu was greatly pleased with you.
You were a tree.
You visited 4 branches of the dungeon, and saw 22 of its levels.
You visited the Abyss 1 time.
You also visited: Ossuary and Gauntlet.

You collected 1790 gold pieces.
You spent 568 gold pieces at shops.

Inventory:

Missiles
 A - 4 curare-tipped darts
 G - 2 throwing nets {!f}
Armour
 m - a +0 cloak
 q - a +2 scale mail of poison resistance
 s - a +1 helmet (melded)
 P - a +1 leather armour of willpower (melded)
 S - the +2 cloak of the Thief (melded) {*Fog Slay-2 SInv Stlth+}
   (You found it in a Gauntlet)

   *Fog:      It may release a thick cloud of smoke when the wearer is hurt.
   Slay-2:    It affects your accuracy & damage with ranged weapons and melee
   (-2).
   SInv:      It lets you see invisible.
   Stlth+:    It makes you more stealthy.
 X - the +3 pair of seven-league boots (melded) {Rampage+∞}
   (You found it on level 2 of the Lair of Beasts)

   Rampage+∞: When moving toward enemies, its wearer moves as far as possible,
   alerting their target en route.
Jewellery
 b - a ring of ice
 d - an amulet of faith (around neck) {!P}
 p - a +6 ring of dexterity (left branch)
 x - a ring of resist corrosion
 C - a ring of protection from cold (right branch)
 I - a ring of positive energy
 T - the ring "Udey" {Fire Str+2 Stlth+}
   (You found it on level 10 of the Dungeon)

   [ring of fire]

   Fire:      It enhances your fire magic.
   Str+2:     It affects your strength (+2).
   rF+:       It protects you from fire.
   rC-:       It makes you vulnerable to cold.
   Stlth+:    It makes you more stealthy.
Talismans
 L - a blade talisman (active)
 V - the serpent talisman "Ureqer" {rElec rF++ rC- Dex+2}
   (You found it on level 4 of the Lair of Beasts)

   [serpent talisman]

   Dex+2:     It affects your dexterity (+2).
   rF++:      It greatly protects you from fire.
   rC-:       It makes you vulnerable to cold.
   rElec:     It insulates you from electricity.
Wands
 k - a wand of roots (4)
 D - a wand of quicksilver (5)
 J - a wand of flame (13)
 K - a wand of polymorph (3)
 Q - a wand of mindburst (6)
 Y - a wand of charming (8)
Scrolls
 a - 2 scrolls of silence
 g - 3 scrolls of revelation
 j - a scroll of fog
 n - 3 scrolls of poison
 o - a scroll of enchant armour
 r - a scroll of fear {unknown}
 t - a scroll of teleportation
 u - a scroll of butterflies {unknown}
 w - a scroll of enchant weapon {unknown}
 B - 4 scrolls of vulnerability
 H - 2 scrolls of blinking {unknown}
 N - a scroll of torment {unknown}
 O - a scroll of brand weapon {unknown}
 Z - 2 scrolls of immolation {unknown}
Potions
 c - 6 potions of curing
 e - 2 potions of magic
 i - 4 potions of lignification
 l - a potion of cancellation
 v - 3 potions of might
 y - 4 potions of mutation
 z - 2 potions of haste {unknown}
 E - 2 potions of attraction
 F - 2 potions of degeneration {unknown}
 M - 3 potions of enlightenment
 R - a potion of resistance
 U - 4 potions of brilliance
 W - a potion of berserk rage {unknown}
Miscellaneous
 f - a phial of floods


   Skills:
 - Level 12.0 Fighting
 - Level 0.3 Throwing
 - Level 12.0 Dodging
 + Level 14.8 Unarmed Combat
 - Level 3.0 Spellcasting
 - Level 4.0 Fire Magic
 - Level 11.0 Alchemy
 - Level 11.0 Invocations
 - Level 5.2 Evocations
 - Level 14.0 Shapeshifting


You had 12 spell levels left.
You knew the following spells:

 Your Spells              Type           Power      Damage    Failure   Level
i - Ignite Poison         Fire/Alch      18%        N/A       12%         4
o - Olgreb's Toxic Radia  Alch           25%        N/A       2%          4

Your spell library contained the following spells:

 Spells                   Type           Power      Damage    Failure   Level
 Sting                    Conj/Alch      52%        1d6       2%          1
 Mercury Vapours          Alch/Air       26%        N/A       4%          2
 Cigotuvi's Dreadful Rot  Necr/Alch/Air  18%        N/A       9%          2
 Freeze                   Ice            4%         1d3       26%         1
 Necrotise                Necr           4%         1d4       26%         1
 Sandblast                Erth           2%         2d4       26%         1
 Ensorcelled Hibernation  Hex/Ice        2%         N/A       36%         2
 Yara's Violent Unravell  Hex/Alch       6%         3d5       58%         5
 Confusing Touch          Hex            1%         N/A       61%         3
 Frozen Ramparts          Ice            2%         1d1       61%         3
 Hailstorm                Conj/Ice       1%         3d5       61%         3
 Passwall                 Erth           1%         N/A       61%         3
 Stone Arrow              Conj/Erth      2%         3d7       61%         3
 Tukima's Dance           Hex            1%         N/A       61%         3
 Vampiric Draining        Necr           1%         2d6       61%         3
 Animate Armour           Summ/Erth      2%         N/A       95%         4
 Brom's Barrelling Bould  Conj/Erth      1%         2d3       95%         4
 Dimensional Bullseye     Hex/Tloc       0%         N/A       95%         4
 Martyr's Knell           Necr/Summ      1%         N/A       95%         4
 Passage of Golubria      Tloc           1%         N/A       95%         4
 Summon Lightning Spire   Summ/Air       1%         N/A       95%         4
 Vhi's Electric Charge    Tloc/Air       2%         N/A       95%         4
 Arcjolt                  Conj/Air       0%         1d10      100%        5
 Curse of Agony           Necr           1%         N/A       100%        5
 Freezing Cloud           Conj/Ice/Air   0%         6-21      100%        5
 Lee's Rapid Deconstruct  Erth           0%         3d4*      100%        5
 Silence                  Hex/Air        0%         N/A       100%        5
 Plasma Beam              Fire/Air       3%         2x1d13    100%        6
 Ozocubu's Refrigeration  Ice            0%         4d7       100%        7
 Lehudib's Crystal Spear  Conj/Erth      0%         10d2      100%        8


Dungeon Overview and Level Annotations

Branches:
Dungeon (14/15)            Temple (1/1) D:5            Lair (5/5) D:9
 Shoals (0/4) Lair:3       Spider (0/4) Lair:3        Slime (0/5) Lair:5
    Orc (2/2) D:12            Elf (0/3) Orc:2       Ossuary (visited)
Gauntlet (1/1)
 Vaults: D:13-14

Altars:
Ashenzari
Cheibriados
Dithmenos
Elyvilon
Fedhas
Gozag
Hepliaklqana
Kikubaaqudgha
Makhleb
Nemelex Xobeh
Okawaru
Qazlal
Ru
Sif Muna
Trog
Uskayaw
Vehumet
Wu Jian
Xom
Yredelemnul
Zin
The Shining One
Beogh
Lugonu

Shops:
D:7 *   D:13 :   Orc:1 ?

Portals:
Abyss: Lair:5

Annotations:
D:3 2 runed translucent doors, topfpfpflanze's ghost, amateur OpCj
D:6 1 runed translucent door, Crazy Yiuf
Lair:1 2 transporters, GordonOverkill's ghost, journeyman DEDe
Orc:1 corrupted
Abyss:1 Duvessa; Grum; Sigmund; Sonja Gauntlet 3 runed translucent doors, 6 transporters


Innate Abilities, Weirdness & Mutations

You are a tree.
Your roots penetrate the ground, keeping you stationary.
You cannot be teleported.
You are immune to unholy pain and torment.
Your maximum health is greatly increased.
Your equipment is partially melded.
((You are very nimble when in or above water. (Stealth+, EV+, Speed+++)))
((Your lower body shifts to a powerful aquatic tail in water.))


Message History

* * * LOW HITPOINT WARNING * * *
The minotaur gores you.
* * * LOW HITPOINT WARNING * * *
Unknown command.
Unknown command.
Smack: -) Branches
Press: ? - help, Dir - move target, f - minotaur
Aim: a minotaur, wielding a staff of fire, wearing quicksilver dragon scales, wearing a +1 tower shield of cold resistance and quivering javelins (purple smoke, about 16% to evade your branches)
Okay, then.
Unknown command.
Unknown command.
Unknown command.
Unknown command.
Smack: -) Branches
Press: ? - help, Dir - move target, f - minotaur
Aim: a minotaur, wielding a staff of fire, wearing quicksilver dragon scales, wearing a +1 tower shield of cold resistance and quivering javelins (purple smoke, about 16% to evade your branches)
Okay, then.
Unknown command.
Smack: -) Branches
Press: ? - help, Dir - move target, f - minotaur
Aim: a minotaur, wielding a staff of fire, wearing quicksilver dragon scales, wearing a +1 tower shield of cold resistance and quivering javelins (purple smoke, about 16% to evade your branches)
Okay, then.
Unknown command.
Unknown command.
Unknown command.
Press: ? - help, Shift-Dir - straight line, f - minotaur
Aim: a minotaur, wielding a staff of fire, wearing quicksilver dragon scales, wearing a +1 tower shield of cold resistance and quivering javelins (purple smoke, chance to affect: 4%)
The minotaur resists with almost no effort.
The minotaur twists and deforms.
The minotaur hits you but does no damage.
The minotaur burns you!
* * * LOW HITPOINT WARNING * * *
The minotaur gores you but does no damage.
You feel better.
The minotaur hits you with a staff of fire!
* * * LOW HITPOINT WARNING * * *
The minotaur gores you but does no damage.
You feel better.
The minotaur hits you with a staff of fire!
You die...

.###?#.≈≈# ß.##
##..)#.≈##........
.©..©#.###.ß.###.#
##..=#..##........
.###.#...#.ß.#.#..
.....#.∩.#...#.#.#######
######...#.©.# ..#ߧß[ß/
.#.....ß.#...###§H§.....
######...#.©.#§§♣#
.©##[#.∩.#...#§#§#####
.##$.#...#.ß.#.#§§...#
.#..)#..##..........ß#
#.##§#.###.ß.###.##.##
.#.###.≈##..........#
##..##.≈≈#.ß.########
#....#.≈##...#
######.#######


You could see a minotaur (misshapen).

Vanquished Creatures
  A rakshasa (D:13)
  7 hydras
  A centaur warrior (D:13)
  3 catoblepae
  A boulder beetle (D:12)
  9 death yaks
  An orc high priest (Orc:1)
  3 thrashing horrors (Lair:5)
  A skeletal warrior (D:13)
  2 glowing orange brains (Gauntlet)
  A large abomination (Lair:5)
  Lodul (D:13)
  An arcanist (Gauntlet)
  A deep elf pyromancer (D:13)
  2 cyclopes
  5 ugly things
  An oklob plant (Lair:3)
  2 manticores
  A worldbinder (Gauntlet)
  4 elephants
  4 black mambas (Lair:3)
  4 smoke demons (Lair:5)
  15 cane toads
  4 rime drakes (Lair:3)
  Jeremiah (D:8)
  11 komodo dragons
  3 trolls
  3 polar bears
  A hornet (D:11)
  A tarantella (shapeshifter) (Lair:5)
  16 blink frogs
  A dream sheep (Lair:3)
  3 raiju (Lair:5)
  10 slime creatures
  67 yaks
  8 small abominations (Lair:5)
  2 spriggans (Lair:5)
  2 wraiths
  9 wyverns
  2 ynoxinuls (Lair:5)
  6 basilisks
  A chaos spawn (Lair:5)
  3 wargs
  2 steam dragons (D:7)
  2 vampire mosquitoes (D:12)
  Edmund (D:5)
  3 acid dragons
  14 water moccasins
  6 orc warriors
  2 ice beasts (D:7)
  6 sky beasts
  A black bear (D:6)
  11 wolves
  11 ogres
  A boggart (Gauntlet)
  3 centaurs
  A phantom (D:4)
  3 kobold brigands
  15 bullfrogs
  2 elf zombies (Ossuary)
  3 scorpions
  4 gnoll sergeants
  3 wights (D:10)
  Dowan (D:7)
  5 killer bees
  2 howler monkeys
  A centaur zombie (Ossuary)
  A jelly (D:7)
  A human zombie (Ossuary)
  A gnoll bouda (D:6)
  2 hounds
  7 orc priests
  2 sleepcaps
  4 iguanas
  14 orc wizards
  6 hound zombies (Ossuary)
  3 mummies
  18 gnolls
  7 adders
  2 shadow imps
  A white imp (D:6)
  4 ufetubi
  4 adder zombies (Ossuary)
  2 dart slugs
  2 ribbon worms
  39 orcs
  6 endoplasms
  3 giant cockroaches
  9 goblins
  6 hobgoblins
  21 kobolds
  3 quokkas
  6 ball pythons
  9 bats
  3 frilled lizards
  6 gnoll zombies (Ossuary)
  2 goblin zombies (D:4)
  3 jackal zombies (Ossuary)
  7 kobold zombies (Ossuary)
  7 orc zombies (Ossuary)
  6 rats
  3 butterflies (Lair:4)
548 creatures vanquished.

Vanquished Creatures (others)
  Jorgrun (Orc:1)
  An unseen horror (D:12)
  2 starspawn tentacles (Orc:1)
4 creatures vanquished.

Grand Total: 552 creatures vanquished

Notes
Turn   | Place    | Note
-------+----------+-------------------------------------------
     0 | D:1      | NormalPerson7 the Merfolk Shapeshifter began the quest for
                  | the Orb.
     0 | D:1      | Reached XP level 1. HP: 15/15 MP: 1/1
   255 | D:1      | Found a faded altar of an unknown god.
   305 | D:1      | Reached XP level 2. HP: 17/21 MP: 2/2
   772 | D:1      | Prayed at the altar of an unknown god.
   772 | D:1      | Became a worshipper of Lugonu the Unformed
   772 | D:1      | Reached * piety under Lugonu
   785 | D:1      | Reached XP level 3. HP: 26/26 MP: 3/3
  1046 | D:2      | Found a basalt altar of Yredelemnul.
  1193 | D:2      | Reached ** piety under Lugonu
  1468 | D:1      | Reached skill level 5 in Shapeshifting
  1512 | D:2      | Noticed Sigmund
  1692 | D:3      | Found a hide-covered altar of Uskayaw.
  1741 | D:3      | Reached XP level 4. HP: 32/32 MP: 4/4
  1814 | D:3      | Found a runed translucent door.
  1815 | D:3      | Noticed topfpfpflanze's ghost (amateur OpCj)
  1833 | D:3      | Reached skill level 1 in Invocations
  1899 | D:3      | Identified the +1 spear of Yredelemnul {freeze, rPois Str+2
                  | Dex+2}
  2275 | D:3      | Found a radiant altar of Vehumet.
  2334 | D:3      | Found a runed translucent door.
  2735 | D:2      | Banished Sigmund
  2736 | D:2      | Reached XP level 5. HP: 38/38 MP: 1/8
  2736 | D:2      | Reached XP level 6. HP: 44/44 MP: 1/9
  2926 | D:4      | Found a sand-covered staircase.
  2974 | Ossuary  | Entered an ossuary
  3412 | Ossuary  | Reached XP level 7. HP: 45/50 MP: 10/10
  3439 | Ossuary  | Reached skill level 5 in Unarmed Combat
  3441 | Ossuary  | Reached *** piety under Lugonu
  4375 | D:4      | Reached skill level 5 in Dodging
  4614 | D:5      | Entered Level 5 of the Dungeon
  4647 | D:5      | Reached XP level 8. HP: 58/58 MP: 11/11
  4749 | D:5      | Found a sacrificial altar of Ru.
  4907 | D:5      | Found a staircase to the Ecumenical Temple.
  4917 | Temple   | Entered the Ecumenical Temple
  5150 | D:5      | Found a bloodstained altar of Trog.
  5239 | D:5      | Found a basalt altar of Yredelemnul.
  5239 | D:5      | Noticed Edmund
  5253 | D:5      | Killed Edmund
  5254 | D:5      | Reached skill level 5 in Invocations
  5254 | D:5      | Reached skill level 1 in Evocations
  5600 | D:5      | Found a staircase to the Ecumenical Temple.
  5694 | D:5      | Found a basalt altar of Yredelemnul.
  5764 | D:5      | Found a bloodstained altar of Trog.
  5849 | D:5      | Found a sacrificial altar of Ru.
  6565 | D:6      | Found a runed translucent door.
  6566 | D:6      | Noticed Crazy Yiuf
  6687 | D:6      | Reached skill level 5 in Evocations
  6786 | D:5      | Reached XP level 9. HP: 65/65 MP: 12/12
  6903 | D:6      | Reached **** piety under Lugonu
  7306 | D:7      | Noticed Duvessa
  7306 | D:7      | Noticed Dowan
  7728 | D:7      | Killed Dowan
  7739 | D:7      | Reached skill level 10 in Shapeshifting
  7814 | D:7      | Banished Duvessa
  8418 | D:7      | Reached XP level 10. HP: 71/71 MP: 13/13
  8553 | D:7      | Found Sedgheuparr's General Store.
  8567 | D:7      | Bought a +1 leather armour of willpower for 196 gold pieces
  8567 | D:7      | Bought a wand of mindburst (9) for 176 gold pieces
  8567 | D:7      | Bought a scroll of vulnerability for 56 gold pieces
  8567 | D:7      | Bought a potion of resistance for 140 gold pieces
  8740 | D:7      | Reached skill level 5 in Fighting
  8885 | D:8      | Noticed Jeremiah
  9253 | D:8      | Found a stormy altar of Qazlal.
  9264 | D:8      | Noticed Grum
  9613 | D:8      | Found a broken altar of Ashenzari.
  9809 | D:8      | Killed Jeremiah
  9813 | D:8      | Banished Grum
 10592 | D:8      | Reached skill level 1 in Alchemy
 10592 | D:8      | Reached XP level 11. HP: 73/81 MP: 17/17
 10876 | D:9      | Found a staircase to the Lair.
 11274 | D:9      | Reached ***** piety under Lugonu
 11447 | D:9      | Found a shadowy altar of Dithmenos.
 11447 | D:9      | You fall into a shaft and drop 3 floors!
 11480 | D:11     | Reached skill level 5 in Alchemy
 11534 | D:10     | Entered Level 10 of the Dungeon
 12139 | D:10     | Identified the ring "Udey" {Fire Str+2 Stlth+}
 12254 | D:10     | Found an opulent altar of Gozag.
 13135 | D:11     | Paralysed by a hornet for 2 turns
 13350 | D:11     | Noticed a manticore
 13353 | D:11     | Killed a manticore
 13362 | D:11     | Learned a level 4 spell: Olgreb's Toxic Radiance
 13647 | D:11     | Noticed a purple ugly thing
 13969 | D:11     | Killed a purple ugly thing
 14495 | D:9      | Reached skill level 10 in Unarmed Combat
 14579 | Lair:1   | Entered Level 1 of the Lair of Beasts
 15326 | Lair:1   | Noticed a moth of wrath
 15421 | Lair:1   | Found a transporter.
 15515 | Lair:1   | Reached XP level 12. HP: 78/88 MP: 18/18
 15521 | Lair:1   | Reached skill level 10 in Alchemy
 15606 | Lair:1   | Noticed GordonOverkill's ghost (journeyman DEDe)
 15633 | Lair:1   | Found a transporter.
 16653 | Lair:2   | Found the +3 pair of seven-league boots {Rampage+∞}
 17062 | Lair:3   | Noticed a death yak
 17062 | Lair:3   | Noticed a death yak
 17062 | Lair:3   | Noticed a death yak
 17062 | Lair:3   | Noticed a death yak
 17753 | Lair:3   | Noticed a catoblepas
 17788 | Lair:3   | Killed a catoblepas
 17869 | Lair:3   | Found a hole to the Spider Nest.
 18211 | Lair:3   | Reached skill level 1 in Spellcasting
 18327 | Lair:3   | Noticed an eight-headed hydra
 18327 | Lair:3   | Noticed a catoblepas
 18462 | Lair:3   | Found a staircase to the Shoals.
 18596 | Lair:3   | Noticed a skyshark
 18602 | Lair:3   | Banished a skyshark
 18716 | Lair:3   | Noticed a skyshark
 18719 | Lair:3   | Banished a skyshark
 18732 | Lair:3   | Reached XP level 13. HP: 97/98 MP: 12/19
 19406 | Lair:2   | Reached skill level 10 in Invocations
 20610 | Lair:4   | Noticed Sonja
 20616 | Lair:4   | Banished Sonja
 21208 | Lair:3   | Reached skill level 10 in Fighting
 21372 | Lair:3   | Reached skill level 1 in Fire Magic
 21759 | Lair:4   | Got Nafio's Volume of the Iced Fair Folk
 22003 | Lair:4   | Reached XP level 14. HP: 101/110 MP: 17/22
 22216 | Lair:4   | Learned a level 4 spell: Ignite Poison
 22647 | Lair:4   | Identified the serpent talisman "Ureqer" {rElec rF++ rC-
                  | Dex+2}
 22776 | Lair:5   | Entered Level 5 of the Lair of Beasts
 23626 | Lair:5   | Found a staircase to the Slime Pits.
 23962 | Lair:5   | Reached skill level 10 in Dodging
 25271 | Abyss:1  | Cast into level 1 of the Abyss (spriggan)
 25272 | Lair:5   | Escaped the Abyss
 26142 | Lair:5   | Found a corrupted altar of Lugonu.
 26142 | Lair:5   | Found a one-way gate to the infinite horrors of the Abyss.
 26385 | D:12     | Found a transporter.
 26386 | D:12     | Found a transporter.
 26695 | D:12     | Found a transporter.
 26821 | D:12     | Found a transporter.
 26825 | D:12     | Found a transporter.
 26840 | D:12     | Found a transporter.
 26866 | D:12     | Reached XP level 15. HP: 68/120 MP: 23/23
 27166 | D:12     | Found a staircase to the Orcish Mines.
 28265 | D:13     | Found Cies's Vocational Training.
 28509 | D:13     | Noticed Lodul
 28524 | D:13     | Killed Lodul
 29696 | Orc:1    | Entered Level 1 of the Orcish Mines
 29925 | Orc:1    | Found a roughly hewn altar of Beogh.
 29925 | Orc:1    | Noticed Jorgrun
 29928 | Orc:1    | Corrupted Orc:1
 29928 | Orc:1    | Noticed a tentacled starspawn
 29928 | Orc:1    | Noticed a bone dragon
 29931 | Orc:1    | Killed Jorgrun
 29950 | Orc:1    | Noticed a tentacled starspawn
 29958 | Orc:1    | Noticed a tentacled starspawn
 30020 | Orc:1    | Found Syunugot's Magic Scroll Emporium.
 30287 | Orc:2    | Entered Level 2 of the Orcish Mines
 30302 | Orc:2    | Found a staircase to the Elven Halls.
 30309 | Orc:2    | Found a gate leading to a gauntlet.
 30318 | Gauntlet | Entered a Gauntlet
 30318 | Gauntlet | Found a runed translucent door.
 30318 | Gauntlet | Found a transporter.
 30318 | Gauntlet | Found a runed translucent door.
 30318 | Gauntlet | Found a runed translucent door.
 30318 | Gauntlet | Found a transporter.
 30382 | Gauntlet | Found a transporter.
 30386 | Gauntlet | Found a transporter.
 30394 | Gauntlet | Found a transporter.
 30399 | Gauntlet | Found a transporter.
 30408 | Gauntlet | Found a transporter.
 30408 | Gauntlet | Found the +2 cloak of the Thief {*Fog Slay-2 SInv Stlth+}
 30426 | Gauntlet | Found a transporter.
 30427 | Gauntlet | Found the +6 Majin-Bo {spellvamp, MP+6 Int+6}
 30447 | Gauntlet | Found a transporter.
 30448 | Gauntlet | Found a transporter.
 30456 | Gauntlet | Found a transporter.
 30460 | Gauntlet | Found a transporter.
 30464 | Gauntlet | Found a runed translucent door.
 30828 | Gauntlet | HP: 8/180 [minotaur/staff of fire (5)]
 30829 | Gauntlet | HP: 1/180 [minotaur/staff of fire (8)]
 30831 | Gauntlet | Slain by a minotaur

Illustrated notes

Levels and vault maps discovered:
D:1:      lightli_arrival_chessboard, layout_rooms,
          ebering_ecumenical_altar_hall, minmay_three_crescents
D:2:      layout_basic, basic_altar, uniq_sigmund
D:3:      layout_loops_ring, old_standard_altar,
          mainiacjoe_overflow_tiny_flanked, ebering_ghost_sewer_f
D:4:      layout_basic, nicolae_ossuary_entry_giza, minmay_misc_feat_ornament,
          mrwooster_statue_mirror
D:5:      layout_rooms, trog_hazing_becter, old_standard_altar,
          mainiacjoe_overflow_catwalk, temple_doors_cd, uniq_edmund
D:6:      layout_rooms, minmay_joined_circles, uniq_crazy_yiuf_cottage
D:7:      layout_loops_ring, serial_shops, shop, st_stairs_12,
          hangedman_misty_isle, uniq_duvessa
D:8:      layout_rooms, mainiacjoe_overflow_concentric_impassable,
          mainiacjoe_overflow_chevrons, uniq_grum, uniq_jeremiah
D:9:      layout_layer_cave, nicolae_dithmenos_the_darkroom, david_lair_shrubbed
D:10:     layout_loops_corners, mainiacjoe_overflow_small_starburst,
          minmay_tree_intersection
D:11:     layout_layer_cave
D:12:     layout_basic, orc_0_dummy, serial_nicolae_subway,
          nicolae_sub_station_crystal, nicolae_sub_station_metal,
          nicolae_sub_station_stone
D:13:     layout_loops_ring, nicolae_shop_vocational, uniq_lodul
D:14:     layout_stronghold, hellmonk_vaults_keyhole, grunt_gozag_statues
Temple:   dshaligram_water_room_temple
Lair:1:   layout_roguey, gammafunk_ghost_berserking_beasts, serial_bayou_pond_a
Lair:2:   layout_misc_corridors, serial_bayou_shore_b
Lair:3:   nzn_winding_woodlands_cross [nzn_winding_woodlands_5x15_crooked,
          nzn_winding_woodlands_5x15_pockets, nzn_winding_woodlands_5x15_zeroes,
          nzn_winding_woodlands_5x15_pool, nzn_winding_woodlands_15x15_killbox],
          layout_cave_pods, elwin_shoals_entry_rocks,
          spider_nest_entry_web_field, grunt_megastairs_4
Lair:4:   layout_gridlike, hangedman_lair_generics_rect, lemuel_fruit_fields,
          uniq_sonja
Lair:5:   hellmonk_lair_end_abyssal_woods, layout_regular_city, slime_entry_1,
          lemuel_fruit_tree
Orc:1:    layout_diamond_mine, basic_altar, serial_shops,
          nicolae_shop_behind_doors, uniq_jorgrun
Orc:2:    grunt_orc_cross, layout_diamond_mine, hellmonk_ghost_happy_afterlife,
          gauntlet_entry_generic, nicolae_shop_gadgets
Gauntlet: minmay_gauntlet_77_indecision [minmay_gauntlet_arena_77_shame_cube,
          minmay_gauntlet_arena_77_cramped, minmay_gauntlet_arena_77_mess,
          minmay_gauntlet_arena_77_museum, minmay_gauntlet_arena_77_fan,
          minmay_gauntlet_arena_77_mirror,
          nicolae_gauntlet_exit_dead_adventurers]

Skill      XL: |  1  2  3  4  5  6  7  8  9 10 11 12 13 14 15 |
---------------+----------------------------------------------+-----
Unarmed Combat | 4 6 8 9 11 12 13 14 | 14.8
Shapeshifting  | 5 6 7 10 12 13 14 | 14.0
Invocations    | 4 5 9 11 | 11.0
Fighting       | 2 3 4 6 8 10 12 | 12.0
Dodging        | 5 7 9 12 | 12.0
Evocations     | 5 |  5.2
Alchemy        | 1 9 10 11 | 11.0
Spellcasting   | 3 |  3.0
Fire Magic     | 4 |  4.0
Throwing       | |  0.3

Action                     |  1- 3 |  4- 6 |  7- 9 | 10-12 | 13-15 || total
---------------------------+-------+-------+-------+-------+-------++-------
  Melee: Unarmed           |    55 |   129 |   427 |   468 |   575 ||  1654
         Dagger            |    65 |    32 |       |       |       ||    97
         Punch             |     1 |       |     3 |    35 |    47 ||    86
         Constrict         |       |       |       |       |     2 ||     2
  Throw: Dart              |     6 |     3 |       |       |       ||     9
   Cast: Olgreb's Toxic Ra |       |       |       |    11 |    60 ||    71
         Ignite Poison     |       |       |       |       |     9 ||     9
 Invoke: Banish            |       |     2 |     1 |    13 |    11 ||    27
         Depart the Abyss  |       |       |       |       |     1 ||     1
         Corrupt           |       |       |       |       |     1 ||     1
Ability: Begin Untransform |       |       |       |       |     1 ||     1
  Evoke: Wand              |       |       |     7 |     2 |    14 ||    23
    Use: Potion            |     1 |       |       |     1 |    11 ||    13
         Scroll            |     4 |     3 |     4 |     5 |     8 ||    24
   Stab: Sleeping          |     1 |       |       |     2 |       ||     3
         Distracted        |       |       |     1 |       |     2 ||     3
 Armour: Animal skin       |     9 |       |       |       |       ||     9
         Chain mail        |    79 |    73 |    23 |       |       ||   175
         Skin              |     1 |    15 |   136 |       |    20 ||   172
         Leather armour    |       |       |       |   230 |   284 ||   514
         Steam dragon scal |       |       |       |    11 |       ||    11
  Dodge: Dodged            |    55 |    54 |   330 |   296 |   389 ||  1124
  Block: Buckler           |       |    22 |       |       |       ||    22
   Form: Flux              |       |     1 |       |       |       ||     1
         Blade             |       |       |     1 |       |     2 ||     3
         Serpent           |       |       |       |       |     1 ||     1

Table legend: (Time is in decaauts)
 A = Elapsed time spent in this place.
 B = Non-inter-level travel time spent in this place.
 C = Inter-level travel time spent in this place.
 D = Time resting spent in this place.
 E = Time spent auto-exploring this place.
 F = Levels seen in this place.
 G = Mean time per level.
                   A        B        C        D        E       F      G
               +--------+--------+--------+--------+--------+-----+--------+
         Total |  30557 |  28708 |   1849 |  10686 |  11245 |  25 | 1222.3 |
       Dungeon |  17628 |  16544 |   1084 |   5048 |   7659 |  14 | 1259.1 |
        Temple |      1 |      1 |      0 |      0 |      0 |   1 |    1.0 |
          Lair |  11204 |  10459 |    745 |   5068 |   3427 |   5 | 2240.8 |
  Orcish Mines |    436 |    417 |     19 |    215 |     67 |   2 |  218.0 |
         Abyss |      0 |      0 |      0 |      0 |      0 |   1 |    0.0 |
       Ossuary |    802 |    802 |      0 |    122 |      0 |   1 |  802.0 |
      Gauntlet |    483 |    483 |      0 |    232 |     91 |   1 |  483.0 |
               +--------+--------+--------+--------+--------+-----+--------+

Top non-repeatable levels by time:
  Lair:3: 3513 daAuts
  Lair:5: 2889 daAuts
     D:7: 1925 daAuts
  Lair:4: 1921 daAuts
    D:13: 1898 daAuts
  Lair:2: 1665 daAuts
    D:11: 1665 daAuts
     D:9: 1647 daAuts
     D:5: 1597 daAuts
    D:12: 1515 daAuts
     D:8: 1414 daAuts
  Lair:1: 1215 daAuts
     D:6: 1077 daAuts
     D:3: 1034 daAuts
    D:10: 991 daAuts
